[Event "*** MasterClass Titled Tuesday Blitz"]
[Site "Chess.com"]
[Date "2017.12.05"]
[Round "1"]
[White "MRniceplay"]
[Black "Khamrakulov_Djurabek"]
[Result "0-1"]
[WhiteElo "2257"]
[BlackElo "2652"]
[TimeControl "180+2"]
[EndTime "14:21:44 PST"]
[Termination "Khamrakulov_Djurabek won by resignation"]

1. e4 c6 2. d4 d5 3. e5 Bf5 4. Nf3 e6 5. Be2 Ne7 6. O-O h6 7. Re1 Nd7 8. Bf1 Qc7 9. c4 dxc4 10. Nbd2 b5 11. a4 Nd5 12. Ne4 Be7 13. Bd2 O-O 14. b3 c3 15. Nxc3 Nxc3 16. Bxc3 b4 17. Bb2 Rfd8 18.
a5 c5 19. Qc1 Qb7 20. Qe3 Rac8 21. Bc4 Bg4 22. Nd2 Nf8 23. Ne4 cxd4 24. Bxd4 Bf5 25.
Nf6+ Kh8 26. g4 Bg6 27. Nh5 Bxh5 28. gxh5 Nh7 29. f4 Rxd4 30. Qxd4 Bc5 31. Rad1 Qc7 32. a6 Bxd4+ 33. Rxd4 Qc5 34. Rd1 Rd8 0-1

[Event "*** MasterClass Titled Tuesday Blitz"]
[Site "Chess.com"]
[Date "2017.12.05"]
[Round "1"]
[White "Joseph_Truelson"]
[Black "Korchmar_Vasiliy"]
[Result "0-1"]
[WhiteElo "2116"]
[BlackElo "2563"]
[TimeControl "180+2"]
[EndTime "14:21:44 PST"]
[Termination "Korchmar_Vasiliy won by resignation"]

1. e4 c5 2. Nf3 e6 3. d4 cxd4 4. Nxd4 a6 5. Nc3 d6 6. Be3 Nf6 7. g4 e5 8. Nf5 g6 9. g5 Nxe4 10. Nxe4 Bxf5 11. Nf6+ Ke7 12. Bb6 Qc8 13. Nd5+ Kd7 14.
Nc7 Nc6 15. Nxa8 Qxa8 16. Bg2 h6 17. h4 hxg5 18. hxg5 Rxh1+ 19. Bxh1 Nb4 20. Rc1 Nxa2 21. Qd5 Nxc1 22. Qxf7+ Be7 23. Bd5 Qh8 24. Kd2 Qc8 25. c3 Nd3 26. f4 Nxf4 0-1

[Event "*** MasterClass Titled Tuesday Blitz"]
[Site "Chess.com"]
[Date "2017.12.05"]
[Round "1"]
[White "pedromartinez91"]
[Black "tigra"]
[Result "0-1"]
[WhiteElo "2238"]
[BlackElo "2628"]
[TimeControl "180+2"]
[EndTime "14:21:53 PST"]
[Termination "tigra won by checkmate"]

1. g3 d5 2. Bg2 Nf6 3. Nf3 Bf5 4.
O-O e6 5. c4 Be7 6. Qb3 Nc6 7.
d3 Rb8 8. cxd5 exd5 9. Nc3 d4 10. Nb1 O-O 11. Na3 Re8 12. Bg5 h6 13.
Bd2 Bxa3 14. Qxa3 Rxe2 15. Rfe1 Re6 16. Rxe6 Bxe6 17. b4 a6 18. Qb2 Bd5 19. a4 Nd7 20. Nxd4 Bxg2 21. Kxg2 Nde5 22. Nxc6 Qd5+ 23. Kf1 bxc6 24.
Qc3 Qh1+ 25. Ke2 Qf3+ 26. Kf1 Ng4 27. Qd4 c5 28. Qe4 Qxf2# 0-1

[Event "*** MasterClass Titled Tuesday Blitz"]
[Site "Chess.com"]
[Date "2017.12.05"]
[Round "1"]
[White "MaxLeto"]
[Black "Sulvyfex"]
[Result "1-0"]
[WhiteElo "2418"]
[BlackElo "1331"]
[TimeControl "180+2"]
[EndTime "14:21:57 PST"]
[Termination "MaxLeto won by resignation"]

1. d4 d5 2. Bf4 c6 3. e3 Nf6 4. c4 Bf5 5. Qb3 Qb6 6. c5 Qxb3 7.
axb3 a6 8. b4 Nbd7 9. h3 h6 10.
Nd2 g5 11. Bh2 Bg7 12. Nb3 O-O 13. Na5 Ra7 14. Nf3 Ne4 15. Be2 Rc8 16. O-O f6 17. Rfd1 e5 18. Nd2 Kf7 19. Nxe4 Bxe4 20. f3 Bg6 21. e4 dxe4 22. dxe5 Ke6 23. Rd6+ Ke7 24. e6 Ne5 25. Bxe5 fxe5 26. Rad1 Kf6 27. e7+ Kf7 28. Bc4+ Ke8 29. Rxg6 Kxe7 30. Rxg7+ Kf6 31.
Rf7+ Kg6 32. Rd6+ Kh5 33. g4+ Kh4 34. Kh2 h5 35. Rh6 1-0

[Event "*** MasterClass Titled Tuesday Blitz"]
[Site "Chess.com"]
[Date "2017.12.05"]
[Round "1"]
[White "VeryAnonymousPatzer"]
[Black "livestrong04"]
[Result "0-1"]
[WhiteElo "1119"]
[BlackElo "2364"]
[TimeControl "180+2"]
[EndTime "14:21:58 PST"]
[Termination "livestrong04 won by checkmate"]

1. e4 d5 2. exd5 c6 3. d4 Nf6 4. Nc3 cxd5 5. Bb5+ Nc6 6. Bf4 Bg4 7. Nge2 e6 8. O-O Bd6 9. Bg3 O-O 10. h3 Bh5 11.
Qd2 Rc8 12. Nf4 Bxf4 13. Qxf4 Ne7 14. Bh4 Ng6 15. Qg5 h6 16. Qxh5 Nxh5 17. Bxd8 Rfxd8 18. Bd3 Ngf4 19. Rad1 Nf6 20. Rfe1 Nxd3 21. Rxd3 b5 22.
Nxb5 Rxc2 23. Nxa7 Rxb2 24. Ra3 Ne4 25. Nc6 Rd6 26. Ne5 f6 27. Nf3 Nxf2 28. Rf1 Ne4 29. Ra1 Rc6 30. Rb3 Re2 31. a4 Rcc2 32. Ne1 Ra2 33. Ra3 Rxe1+ 34. Rxe1 Rxa3 35. Kf1 Rxa4 36. Rd1 Kf7 37. Rd3 Kg6 38. Rf3 Rc4 39. Rd3 f5 40.
Ke2 Kf6 41. Ke3 g5 42. Kf3 f4 43. Kg4 Kg6 44. Rd1 h5+ 45. Kf3 Kf5 46. Rd3 g4+ 47.
hxg4+ hxg4+ 48. Ke2 Rc2+ 49. Ke1 g3 50. Kd1 Rxg2 51.
Rf3 Rf2 52. Rxf2 Nxf2+ 53. Ke2 Ne4 54. Kf3 Ng5+ 55. Kg2 Kg4 56. Kg1 f3 57. Kf1 Kh3 58. Kg1 Ne4 59. Kf1 Nd2+ 60. Kg1 f2+ 61. Kh1 g2# 0-1

[Event "*** MasterClass Titled Tuesday Blitz"]
[Site "Chess.com"]
[Date "2017.12.05"]
[Round "1"]
[White "Vrolijk"]
[Black "ppchess2017"]
[Result "1-0"]
[WhiteElo "2488"]
[BlackElo "1761"]
[TimeControl "180+2"]
[EndTime "14:22:00 PST"]
[Termination "Vrolijk won on time"]

1. d4 d5 2. c4 Nf6 3. cxd5 c6 4.
dxc6 Nxc6 5. e3 e5 6. Nf3 Bg4 7. Be2 e4 8. Nfd2 h5 9. h3 Bf5 10. Nc3 a6 11. O-O g5 12. f3 exf3 13. Nxf3 g4 14. Ne5 Bd7 15. h4 Bd6 16. Nxd7 Nxd7 17. e4 Nxd4 18. Bg5 Qb6 19. Kh1 Ne6 20. Nd5 Qd4 21.
Qb3 Nxg5 22. hxg5 O-O 23. Rf5 g3 24. Qf3 Ne5 25. Qxh5 Ng6 26. Nf6+ Qxf6 27. gxf6 Bf4 28. Rxf4 Nxf4 29. Qh6 Ne6 30. Bg4 1-0

[Event "*** MasterClass Titled Tuesday Blitz"]
[Site "Chess.com"]
[Date "2017.12.05"]
[Round "1"]
[White "AndrBaryshpolets"]
[Black "lrivaspicazo"]
[Result "1-0"]
[WhiteElo "2478"]
[BlackElo "1717"]
[TimeControl "180+2"]
[EndTime "14:22:00 PST"]
[Termination "AndrBaryshpolets won by resignation"]

1. d4 Nf6 2. c4 d6 3. Nf3 e6 4. Nc3 b6 5. e4 a6 6. Bd3 Bb7 7.
O-O Nbd7 8. Re1 Be7 9. b3 h6 10.
Bb2 c5 11. d5 e5 12. Ne2 Nf8 13. Ng3 Ng6 14. Nf5 Bf8 15. g3 Qc7 16. a3 Ne7 17.
b4 Nxf5 18. exf5 O-O-O 19. bxc5 Qxc5 20. Nd2 h5 21. h4 Ng4 22. Ne4 Qc7 23. Be2 Nf6 24.
Nxf6 gxf6 25. Bxh5 Bh6 26. Be2 Rdg8 27. a4 Qc5 28. Kg2 Bf8 29. Ba3 Qc7 30. h5 Qd7 31.
Bd3 Rg5 32. Rh1 Bh6 33. Rh4 Rhg8 34. Be4 Kc7 35. Qb3 Bc8 36. Rb1 Kd8 37. Qxb6+ Ke7 38.
c5 Rxf5 39. cxd6+ Ke8 40. Bxf5 Qxf5 41. Qc6+ Qd7 42. Rb8 1-0

[Event "*** MasterClass Titled Tuesday Blitz"]
[Site "Chess.com"]
[Date "2017.12.05"]
[Round "1"]
[White "otreborosnola"]
[Black "SharkAnto55"]
[Result "0-1"]
[WhiteElo "1002"]
[BlackElo "2353"]
[TimeControl "180+2"]
[EndTime "14:22:02 PST"]
[Termination "SharkAnto55 won on time"]

1. e4 c5 2. Bc4 e6 3. d3 Nc6 4. Nf3 Nf6 5. Nc3 Be7 6. Bg5 d6 7. O-O a6 8. a3 b5 9. Bb3 Bb7 10. h3 h6 11. Bf4 Qc7 12. e5 Nxe5 13. Nxe5 dxe5 14. Bg3 Qc6 15. f3 Nd7 16. Qe2 f6 17. f4 exf4 18. Bxf4 e5 19. Bg3 Nb6 20. Ne4 c4 21. dxc4 Qxe4 22. Qxe4 Bxe4 23. cxb5 axb5 24. Bf2 Nc4 25. a4 Nd2 26. Rfe1 Nxb3 27. cxb3 Bc6 28. Re3 bxa4 29. bxa4 Rxa4 30. Rc1 Bd7 31. Rc7 Bd6 0-1

[Event "*** MasterClass Titled Tuesday Blitz"]
[Site "Chess.com"]
[Date "2017.12.05"]
[Round "1"]
[White "champ2005"]
[Black "mikelito7"]
[Result "1-0"]
[WhiteElo "2431"]
[BlackElo "1374"]
[TimeControl "180+2"]
[EndTime "14:22:03 PST"]
[Termination "champ2005 won by checkmate"]

1. e4 d5 2. exd5 Qxd5 3. Nc3 Qa5 4. Nf3 Bg4 5. Be2 e6 6. h3 Bf5 7. d3 c6 8. Be3 Bd6 9. Qd2 Ne7 10. a3 Qc7 11. O-O Nd7 12. d4 Nf6 13. Bd3 Bg6 14.
Ne2 Ne4 15. Qc1 h6 16. Nd2 Nxd2 17. Qxd2 Bxd3 18. Qxd3 Nf5 19. Bd2 g5 20. c4 O-O-O 21.
b4 Rhg8 22. b5 e5 23. Qxf5+ Kb8 24. bxc6 exd4 25. cxb7 Be5 26. Qd3 f5 27. Rab1 Rdf8 28. Rb5 h5 29. Ba5 Qd6 30. Bb4 Qc7 31. Bxf8 Rxf8 32.
Nxd4 Rf6 33. Rfb1 h4 34. Nc6+ Rxc6 35. Rxe5 Rd6 36. Re8+ Rd8 37. Rxd8+ Qxd8 38. Qxd8# 1-0

[Event "*** MasterClass Titled Tuesday Blitz"]
[Site "Chess.com"]
[Date "2017.12.05"]
[Round "1"]
[White "PivixBanni"]
[Black "kikydu96"]
[Result "0-1"]
[WhiteElo "1161"]
[BlackElo "2373"]
[TimeControl "180+2"]
[EndTime "14:22:06 PST"]
[Termination "kikydu96 won by checkmate"]

1. d4 d5 2. c4 c6 3. Nc3 Nf6 4. Nf3 dxc4 5. a4 Bf5 6. e3 e6 7. Bxc4 Bb4 8. O-O Nbd7 9. Re1 O-O 10. Bd2 Qe7 11. Qe2 a5 12. Bd3 Bxd3 13. Qxd3 e5 14. dxe5 Nxe5 15. Nxe5 Qxe5 16. Rac1 Ng4 17. g3 Qh5 18. h4 Ne5 19. Qe2 Nf3+ 20. Kf1 Qg4 21. Kg2 Nxh4+ 22. Kg1 Nf3+ 23. Kg2 Nxe1+ 24. Rxe1 Qxe2 25.
Rxe2 Rad8 26. Be1 Rfe8 27. Kf1 Bxc3 28. Bxc3 Re4 29. f3 Rxa4 30. Kf2 b5 31. Bd4 Rc4 32.
Bb6 Ra8 33. Rd2 a4 34. Ba5 h6 35. Bc3 b4 36. Bd4 c5 37. Be5 a3 38. bxa3 bxa3 39.
Ra2 f6 40. Bd6 Rb4 41. Bxc5 Rb2+ 42. Rxb2 axb2 43. Bd4 b1=Q 44. Kg2 f5 45. g4 g5 46. gxf5 h5 47. Kg3 Qg1+ 48. Kh3 Ra2 49. Be5 Qg2# 0-1

[Event "*** MasterClass Titled Tuesday Blitz"]
[Site "Chess.com"]
[Date "2017.12.05"]
[Round "1"]
[White "TARS-JJ"]
[Black "B-man"]
[Result "0-1"]
[WhiteElo "1080"]
[BlackElo "2360"]
[TimeControl "180+2"]
[EndTime "14:22:07 PST"]
[Termination "B-man won by checkmate"]

1. e4 c5 2. Nc3 e6 3. f4 a6 4. Nf3 b5 5. d4 cxd4 6. Qxd4 Bb7 7. Bd3 Nc6 8. Qe3 Nf6 9. Bd2 Rc8 10.
O-O-O Nb4 11. Kb1 d5 12. exd5 Nfxd5 13. Nxd5 Nxd5 14. Qd4 Qf6 15. Qxf6 gxf6 16. Be4 f5 17. Bxd5 Bxd5 18. Rhe1 Rg8 19. h3 Be4 20. Rc1 Rxg2 21.
Nh4 Rxd2 22. Ka1 Be7 23. Red1 Rxd1 24. Rxd1 Rxc2 25. Rg1 Bxh4 26. a3 Bf6 27. Rg8+ Ke7 28. Ka2 Rxb2+ 29. Ka1 Rg2# 0-1

[Event "*** MasterClass Titled Tuesday Blitz"]
[Site "Chess.com"]
[Date "2017.12.05"]
[Round "1"]
[White "AlexanderL"]
[Black "oogee"]
[Result "1-0"]
[WhiteElo "2544"]
[BlackElo "2089"]
[TimeControl "180+2"]
[EndTime "14:22:09 PST"]
[Termination "AlexanderL won by checkmate"]

1. Nf3 Nf6 2. c4 g6 3. Nc3 Bg7 4. e4 O-O 5. d4 d6 6. Be2 e5 7.
O-O Nc6 8. d5 Ne7 9. Ne1 Nd7 10. Be3 f5 11. f3 f4 12. Bf2 g5 13.
Nd3 Ng6 14. c5 Rf7 15. Rc1 Nf6 16. Kh1 Bf8 17. Rg1 h5 18. g3 Rg7 19. gxf4 Nxf4 20. Nxf4 exf4 21. cxd6 Bxd6 22. Bd4 Qe7 23. Nb5 g4 24.
Nxd6 cxd6 25. Bxf6 Qxf6 26. fxg4 hxg4 27. Bxg4 Bxg4 28.
Rxg4 Rf8 29. Rc7 Rf7 30. Rc8+ Rf8 31. Rxf8+ Kxf8 32. Rxg7 Kxg7 33. Qg4+ Kf7 34. Qd7+ Kg6 35. Qe6 Qxe6 36. dxe6 Kf6 37. Kg2 Kxe6 38. Kf3 Ke5 39.
h4 b6 40. b3 b5 41. b4 a6 42. a3 d5 43. exd5 Kxd5 44. Kxf4 Kc4 45. h5 Kb3 46. h6 Kxa3 47. h7 Kxb4 48. h8=Q a5 49.
Qa1 a4 50. Ke3 Kb3 51. Kd2 b4 52. Qb1+ Ka3 53. Kc2 b3+ 54. Kc3 b2 55. Qxb2# 1-0

[Event "*** MasterClass Titled Tuesday Blitz"]
[Site "Chess.com"]
[Date "2017.12.05"]
[Round "1"]
[White "Rikikits"]
[Black "ZalupiNputiN"]
[Result "1-0"]
[WhiteElo "2525"]
[BlackElo "2066"]
[TimeControl "180+2"]
[EndTime "14:22:09 PST"]
[Termination "Rikikits won by checkmate"]

1. e4 c5 2. Nc3 g6 3. Bc4 e6 4. f4 a6 5. a3 Ne7 6. Nf3 Bg7 7.
Ba2 Nbc6 8. O-O Nd4 9. d3 b5 10.
Nxd4 Bxd4+ 11. Kh1 h5 12. Qe2 Bb7 13. Be3 Qb6 14. Nd1 h4 15. c3 Bxe3 16. Nxe3 h3 17.
g3 f5 18. Kg1 O-O-O 19. Nc2 c4+ 20. Qe3 Qxe3+ 21. Nxe3 fxe4 22. dxc4 bxc4 23. Nxc4 d5 24. Ne5 Rdg8 25. Rad1 g5 26. Nf7 gxf4 27. Nxh8 fxg3 28. Nf7 e3 29. Rfe1 Nf5 30. Bb1 gxh2+ 31. Kxh2 Rg2+ 32.
Kxh3 Rg3+ 33. Kh2 d4 34. Bxf5 Rg2+ 35. Kh3 exf5 36. Nd6+ Kc7 37. Nxb7 Rxb2 38. Nc5 e2 39. Rxd4 Rc2 40. Ne6+ Kc6 41. Nf4 a5 42. Rxe2 Rxc3+ 43. Rd3 Rc4 44. Kg3 a4 45. Kf3 Kc5 46. Re5+ Kc6 47.
Rxf5 Rc1 48. Ne2 Rf1+ 49. Ke4 Re1 50. Re3 Ra1 51. Nd4+ Kd6 52. Rd5+ Kc7 53. Rc3+ Kb6 54.
Rb5+ Ka6 55. Rc6+ Ka7 56. Rc4 Ka6 57. Rxa4# 1-0

[Event "*** MasterClass Titled Tuesday Blitz"]
[Site "Chess.com"]
[Date "2017.12.05"]
[Round "1"]
[White "Kaphrep"]
[Black "1random"]
[Result "1-0"]
[WhiteElo "2599"]
[BlackElo "2190"]
[TimeControl "180+2"]
[EndTime "14:22:10 PST"]
[Termination "Kaphrep won by checkmate"]

1. d4 Nf6 2. Nf3 e6 3. e3 c5 4.
Bd3 b6 5. O-O Bb7 6. Nbd2 Be7 7.
a4 O-O 8. Qe2 d6 9. c3 cxd4 10.
exd4 Nbd7 11. a5 Qc7 12. Re1 Bc6 13. Ng5 h6 14. Nge4 Nxe4 15. Nxe4 Nf6 16. Ng3 bxa5 17. Nh5 e5 18. Nxg7 Kxg7 19. Bxh6+ Kxh6 20. Qe3+ Kg7 21. Qg5+ Kh8 22. Qh6+ Kg8 23. Re3 Ne4 24. Rg3+ Bg5 25. Rxg5+ Nxg5 26. Qxg5+ Kh8 27. Qh6+ Kg8 28. Qh7# 1-0

[Event "*** MasterClass Titled Tuesday Blitz"]
[Site "Chess.com"]
[Date "2017.12.05"]
[Round "1"]
[White "Apocalyps999"]
[Black "DanielNaroditsky"]
[Result "1-0"]
[WhiteElo "2334"]
[BlackElo "2716"]
[TimeControl "180+2"]
[EndTime "14:22:11 PST"]
[Termination "Apocalyps999 won by resignation"]

1. e4 e5 2. Nf3 Nc6 3. Bc4 Be7 4. O-O Nf6 5. d3 d6 6. c3 a6 7. Bb3 O-O 8. Nbd2 Na5 9. Bc2 c5 10. Re1 b5 11. Nf1 Nc6 12. h3 h6 13. g4 Be6 14. Ng3 d5 15. Qe2 c4 16. Nf5 cxd3 17. Bxd3 dxe4 18. Bxe4 Nxe4 19. Qxe4 Bd5 20. Qe2 Bf6 21.
Rd1 Bc4 22. Qe1 Qc7 23. Qe4 Rad8 24. Be3 Na5 25. g5 hxg5 26. Nxg5 g6 27. b3 Be6 28.
Nh6+ Kg7 29. Nxe6+ fxe6 30. Ng4 Rh8 31. Rxd8 Rxd8 32.
Bh6+ Kh7 33. Nxf6+ Kxh6 34. Qh4+ Kg7 35. Qh7+ Kxf6 36. Qxc7 Rd3 37. Qxa5 1-0

[Event "*** MasterClass Titled Tuesday Blitz"]
[Site "Chess.com"]
[Date "2017.12.05"]
[Round "1"]
[White "chesstrophy1"]
[Black "Winehouse83"]
[Result "0-1"]
[WhiteElo "1197"]
[BlackElo "2379"]
[TimeControl "180+2"]
[EndTime "14:22:14 PST"]
[Termination "Winehouse83 won by resignation"]

1. e4 e5 2. Nf3 Nc6 3. Bc4 Bc5 4. c3 Nf6 5. d4 exd4 6. cxd4 Bb4+ 7.
Bd2 Bxd2+ 8. Nbxd2 d5 9. exd5 Nxd5 10. Qe2+ Nce7 11. O-O O-O 12. Nb3 Bg4 13. h3 Bh5 14.
Qd3 c6 15. Rfe1 Bg6 16. Qd2 a5 17. Nc5 Qc7 18. Bd3 Rfd8 19. Bxg6 hxg6 20. Rad1 Nf5 21.
Qc2 Nf4 22. Ne4 Rd5 23. Rd2 Rad8 24. Red1 Ne6 25. Qc3 Qb6 26. Kf1 Nfxd4 27. Nxd4 Nxd4 28. Ng3 Nb5 29. Qc2 Rxd2 30. Rxd2 Rxd2 31. Qxd2 Qd4 32. Qxd4 Nxd4 33. Ne2 Nxe2 34. Kxe2 Kf8 35. Kd3 Ke7 36.
Kd4 b6 37. f4 f6 38. g4 Kd6 39.
a3 b5 40. b3 c5+ 41. Ke4 Ke6 42. f5+ gxf5+ 43. gxf5+ Kd6 44. h4 Kc6 45. Kd3 Kd5 46. Ke3 Ke5 47. Kf3 Kxf5 48. h5 Kg5 49. Ke4 Kxh5 50.
Kd5 c4 51. bxc4 bxc4 52. Kxc4 g5 53. Kb5 g4 54. Kxa5 g3 55. Kb6 g2 56. a4 g1=Q+ 57. Kb5 Qa7 58. a5 f5 59. a6 f4 0-1

[Event "*** MasterClass Titled Tuesday Blitz"]
[Site "Chess.com"]
[Date "2017.12.05"]
[Round "1"]
[White "Sheik777"]
[Black "gmjoey1"]
[Result "0-1"]
[WhiteElo "1770"]
[BlackElo "2490"]
[TimeControl "180+2"]
[EndTime "14:22:19 PST"]
[Termination "gmjoey1 won on time"]

1. d4 Nf6 2. Nf3 e6 3. c4 Bb4+ 4. Bd2 Qe7 5. g3 Nc6 6. Nc3 Bxc3 7. Bxc3 d5 8. Bg2 O-O 9. Ne5 Rd8 10. Nxc6 bxc6 11. O-O c5 12. dxc5 Ba6 13. Bxf6 Qxf6 14. cxd5 exd5 15. b3 c6 16. Bf3 Re8 17. Qd2 g6 18.
Rfe1 h5 19. b4 h4 20. a4 Bc4 21. b5 Kg7 22. gxh4 Qxh4 23. bxc6 Rh8 24. Qb2+ f6 25.
Qb7+ Kh6 26. Ra3 Rae8 27. Bg2 Rh7 28. c7 Qf4 29. Rh3+ Kg5 30. Rxh7 Rxe2 0-1

[Event "*** MasterClass Titled Tuesday Blitz"]
[Site "Chess.com"]
[Date "2017.12.05"]
[Round "1"]
[White "toad"]
[Black "krzyzan94"]
[Result "0-1"]
[WhiteElo "2176"]
[BlackElo "2592"]
[TimeControl "180+2"]
[EndTime "14:22:30 PST"]
[Termination "krzyzan94 won by checkmate"]

1. d4 Nf6 2. c4 d6 3. Nf3 g5 4.
Bxg5 Bg7 5. Nc3 Bf5 6. e3 Nc6 7.
Bd3 Qd7 8. a3 O-O-O 9. O-O Rdg8 10. b4 Nd8 11. a4 Nh5 12. Bh4 Bh6 13. a5 Bxd3 14. Qxd3 Ne6 15. Bg3 Nxg3 16. hxg3 Kb8 17. b5 f5 18. b6 f4 19. a6 cxb6 20. axb7 fxg3 21. Nb5 gxf2+ 22. Rxf2 a5 23. Rb2 Rg3 24. Nc3 Rhg8 25. Rab1 Rxf3 26. Rxb6 Bxe3+ 27. Kh2 Nf4 28. Qe4 Qh3+ 29. gxh3 Rxh3# 0-1

[Event "*** MasterClass Titled Tuesday Blitz"]
[Site "Chess.com"]
[Date "2017.12.05"]
[Round "1"]
[White "pi_mal_auge"]
[Black "yurisolo"]
[Result "0-1"]
[WhiteElo "1617"]
[BlackElo "2472"]
[TimeControl "180+2"]
[EndTime "14:22:30 PST"]
[Termination "yurisolo won by resignation"]

1. c4 e5 2. g3 d6 3. Bg2 f5 4. Nc3 Nf6 5. e3 Be7 6. Nge2 O-O 7. O-O c6 8. d3 Be6 9. b3 Nbd7 10. Qc2 Qe8 11. Bb2 Qh5 12. f3 Rac8 13.
Rad1 b5 14. e4 fxe4 15. dxe4 b4 16. Nb1 d5 17. Nd2 Nc5 18. g4 Qg5 19. Ng3 Qe3+ 20.
Kh1 Nd3 21. h3 Nf2+ 22. Rxf2 Qxf2 23. Bxe5 Nd7 24. Rf1 Qe3 25. Bb2 Bd6 26. Kh2 Qf4 27. Kg1 Qxg3 28. e5 Nxe5 29. Rf2 Bc5 30. Ne4 Bxf2+ 31.
Nxf2 Nxf3+ 32. Kf1 Nh4 33. Ke1 Nxg2+ 34. Kd1 Ne3+ 35. Kc1 Nxc2 36. Kxc2 Rxf2+ 37. Kb1 Qg1+ 38. Bc1 Rcf8 0-1

[Event "*** MasterClass Titled Tuesday Blitz"]
[Site "Chess.com"]
[Date "2017.12.05"]
[Round "1"]
[White "lukas_111111"]
[Black "Madrigal1971"]
[Result "1-0"]
[WhiteElo "2471"]
[BlackElo "1550"]
[TimeControl "180+2"]
[EndTime "14:22:35 PST"]
[Termination "lukas_111111 won on time"]

1. e4 c5 2. Nf3 e6 3. d4 cxd4 4. Nxd4 a6 5. c4 Bb4+ 6. Bd2 Bc5 7. Nb3 Ba7 8. Nc3 Ne7 9. Be2 O-O 10. O-O f5 11. Kh1 Nbc6 12. c5 Bb8 13. f4 Ng6 14.
exf5 Rxf5 15. g3 b5 16. Bd3 Rf6 17. Ne4 Bb7 18. Nxf6+ Qxf6 19. Be4 Bc7 20. Bc3 e5 21. fxe5 Qg5 22. Qxd7 Ncxe5 23. Qe6+ Kh8 24. Bxb7 Rg8 25. Bd5 Ne7 26. Bd2 Qh5 27. Qxe7 Ng4 28. Qe2 Qxd5+ 29.
Qg2 Qd3 30. Rf3 Qc2 31. Bc3 Qxg2+ 32. Kxg2 Rd8 33. Rf7 Be5 34. c6 Ne3+ 35. Kf3 Nd5 36. Bxe5 Nf6 37. Bxf6 Rd3+ 38. Ke2 1-0

[Event "*** MasterClass Titled Tuesday Blitz"]
[Site "Chess.com"]
[Date "2017.12.05"]
[Round "1"]
[White "Margency"]
[Black "Rhinos1"]
[Result "1-0"]
[WhiteElo "2516"]
[BlackElo "2046"]
[TimeControl "180+2"]
[EndTime "14:22:36 PST"]
[Termination "Margency won by resignation"]

1. e4 e5 2. Nf3 Nc6 3. Bc4 Nf6 4. d3 Be7 5. O-O d6 6. a4 O-O 7. Re1 Bg4 8. h3 Bh5 9. Nbd2 Nd4 10. c3 Nxf3+ 11.
Nxf3 c6 12. d4 Qc7 13. a5 a6 14. Bb3 Rad8 15. Qd3 Bg6 16. Nh4 Bxe4 17. Rxe4 Nxe4 18. Qxe4 d5 19. Qg4 Bxh4 20. Qxh4 exd4 21. cxd4 Rfe8 22.
Be3 Re4 23. Qh5 Rd6 24. Bc2 Qe7 25. Bxe4 Qxe4 26. Qe5 Re6 27. Qxe4 Rxe4 28. b4 f5 29. g3 h6 30. h4 Kf7 31. Kg2 Kf6 32. Kf3 g5 33.
hxg5+ hxg5 34. Rd1 Kg6 35. Rh1 f4 36. gxf4 gxf4 37.
Bxf4 Rxd4 38. Rh6+ Kf5 39. Rh5+ Ke6 40. Rh6+ Kf5 41.
Bd6 Rd3+ 42. Ke2 Rb3 43. Rh7 Ke4 44. f3+ Kd4 45. Rxb7 Rb2+ 46. Kf1 Ke3 47. Rf7 d4 48. Bc5 Rb1+ 49. Kg2 Rb2+ 50. Kg3 Rd2 51. Rd7 Kd3 52.
Rxd4+ Ke3 53. Rxd2+ Kxd2 54. f4 Kd3 55. f5 Ke4 56. f6 Ke5 57. f7 Ke6 58. f8=Q Kd7 59. Qd6+ Kc8 1-0

[Event "*** MasterClass Titled Tuesday Blitz"]
[Site "Chess.com"]
[Date "2017.12.05"]
[Round "1"]
[White "Pakarma"]
[Black "chidori_boruto"]
[Result "0-1"]
[WhiteElo "2072"]
[BlackElo "2531"]
[TimeControl "180+2"]
[EndTime "14:22:41 PST"]
[Termination "chidori_boruto won by resignation"]

1. e4 c6 2. d4 d5 3. f3 dxe4 4. fxe4 e5 5. Nf3 Bg4 6. Bc4 Nd7 7.
O-O Ngf6 8. Nc3 exd4 9. Ne2 Bc5 10. Kh1 Bxf3 11. Rxf3 Ne5 12. Bd3 Nxf3 13. gxf3 O-O 14. Qg1 Kh8 15. Bg5 Be7 16. Qg2 Nh5 17. Bxe7 Qxe7 18.
Rg1 Rg8 19. Nxd4 Nf4 20. Qg4 Nxd3 21. cxd3 Rad8 22. Nf5 Qf6 23. d4 g6 24. Nh6 Rgf8 25.
e5 Qe7 26. Nf5 Qe6 27. Nd6 Qxg4 28. Rxg4 f6 29. f4 Kg7 30. Nxb7 Rxd4 31. Nc5 Re8 32. e6 Rc4 33. b4 a5 34. a3 axb4 35. axb4 Rxb4 36.
Rg3 Rc4 37. Nd3 Rxe6 38. Kg2 Re2+ 39. Kh3 Rc3 40. f5 g5 41. Kg4 Rxh2 42. Re3 h5+ 43.
Kg3 Rd2 44. Re7+ Kf8 0-1

[Event "*** MasterClass Titled Tuesday Blitz"]
[Site "Chess.com"]
[Date "2017.12.05"]
[Round "1"]
[White "ChessQueen"]
[Black "TheMagician"]
[Result "1-0"]
[WhiteElo "2592"]
[BlackElo "2177"]
[TimeControl "180+2"]
[EndTime "14:22:55 PST"]
[Termination "ChessQueen won by resignation"]

1. d4 d5 2. Nf3 Nf6 3. g3 e6 4. Bg2 c5 5. O-O Nc6 6. b3 cxd4 7. Nxd4 Bc5 8. Bb2 Nxd4 9. Bxd4 Bxd4 10. Qxd4 O-O 11. Nd2 Qe7 12. Nf3 Bd7 13. Ne5 Rfc8 14. c4 Bc6 15. Rac1 Rd8 16. Rfd1 h6 17. h4 Be8 18. cxd5 Nxd5 19. Qc5 Qxc5 20. Rxc5 b6 21. Rc2 Nb4 22. Rcd2 Rxd2 23. Rxd2 Rc8 24. Nc4 Kf8 25. g4 Ke7 26. f4 Bc6 27. Bxc6 Nxc6 28. Kf2 Rd8 29. Rxd8 Kxd8 30. e4 b5 31. Nd6 Ke7 32. Nxb5 Nb4 33. a4 a6 34. Nd4 Nd3+ 35. Ke3 Nc5 36.
a5 e5 37. fxe5 g6 38. b4 Nd7 39. Kf4 Nb8 40. b5 axb5 41. Nxb5 Na6 42. Nc3 Ke6 43.
Nd5 Nc5 44. Nc7+ Kd7 45. Nb5 Nd3+ 46. Kg3 Kc6 47. Nd4+ Kb7 48. e6 fxe6 49. Nxe6 Ka6 50. Nf8 g5 51. hxg5 hxg5 52. Ne6 Nc5 53. Nxc5+ Kxa5 54. Nd3 Kb5 55. e5 Kc4 56. e6 Kxd3 57. e7 Kd4 58. e8=Q Kd5 59. Qe7 Kd4 1-0

[Event "*** MasterClass Titled Tuesday Blitz"]
[Site "Chess.com"]
[Date "2017.12.05"]
[Round "1"]
[White "Reshetkov"]
[Black "sandager"]
[Result "1-0"]
[WhiteElo "2511"]
[BlackElo "1993"]
[TimeControl "180+2"]
[EndTime "14:23:01 PST"]
[Termination "Reshetkov won on time"]

1. d4 Nf6 2. Nf3 g6 3. Bf4 Bg7 4.
e3 d5 5. c4 O-O 6. Nc3 c5 7.
dxc5 Be6 8. Ng5 Qa5 9. Nxe6 fxe6 10. Be2 Ne4 11. O-O Nxc3 12. bxc3 Qxc5 13. Rb1 Nc6 14. cxd5 exd5 15. Rb5 Qxc3 16. Qxd5+ Kh8 17. Rxb7 Rad8 18. Qb3 Qf6 19. Qc2 Nd4 20. Qc4 Nxe2+ 21.
Qxe2 a5 22. h3 Rc8 23. Rd1 e5 24. Bg3 Rfd8 25. Rxd8+ Rxd8 26. Rb5 Qf5 27. e4 Qc8 28. Kh2 Qc1 29. Rd5 Rc8 30. Qd1 Qg5 31. f4 Qe7 32. Rd7 Qb4 33. Rd8+ Bf8 34. f5 1-0

[Event "*** MasterClass Titled Tuesday Blitz"]
[Site "Chess.com"]
[Date "2017.12.05"]
[Round "1"]
[White "GMKrikor"]
[Black "PenguinPacks"]
[Result "1-0"]
[WhiteElo "2660"]
[BlackElo "2259"]
[TimeControl "180+2"]
[EndTime "14:23:05 PST"]
[Termination "GMKrikor won by checkmate"]

1. e4 e5 2. Nf3 Nc6 3. Bb5 a6 4. Ba4 Nf6 5. O-O Be7 6. d3 b5 7.
Bb3 O-O 8. a4 Bb7 9. Nc3 b4 10.
Nd5 d6 11. Nxe7+ Nxe7 12. Bg5 Ng6 13. Nh4 Nf4 14. Nf5 Ne6 15. Bh4 g6 16. Nh6+ Kg7 17. Qd2 Nxe4 18. Qxb4 Qxh4 19. Bxe6 Nc5 20. Qxh4 fxe6 21.
Ng4 h5 22. Ne3 Rf4 23. Qe7+ Rf7 24. Qg5 Raf8 25. b4 Nd7 26. Nc4 Rf5 27. Qe3 d5 28.
Na5 d4 29. Qe2 Bd5 30. f3 Nf6 31. c4 dxc3 32. Rac1 h4 33. Rxc3 Nh5 34. Rxc7+ Kh6 35. Nc4 Nf4 36. Qd2 Rg5 37. Ne3 Ba8 38. Ng4+ Kh5 39.
Rh7# 1-0